 Dungeon Crawl Stone Soup version 0.19.4 (webtiles) character file.

134 empire the Grave Robber (level 4, -2/30 HPs)
             Began as a Mummy Necromancer on Feb 3, 2017.
             Killed from afar by an orc wizard (7 damage)
             ... with a magic dart
             ... on level 3 of the Dungeon.
             The game lasted 00:06:03 (3495 turns).

empire the Grave Robber (Mummy Necromancer)         Turns: 3495, Time: 00:06:03

Health: -2/30      AC:  4    Str: 11    XL:     4   Next: 95%
Magic:  0/9        EV: 12    Int: 15    God:
Gold:   97         SH:  0    Dex: 12    Spells: 3 memorised, 1 level left

rFire  x . .     SeeInvis .     b - +0 short sword
rCold  + . .     Gourm    .     Z - +0 robe
rNeg   + + +     Faith    .     (no shield)
rPois  ∞         Spirit   .     W - +0 helmet
rElec  .         Reflect  .     (no cloak)
rCorr  .         Harm     .     (no gloves)
MR     .....                    X - +0 pair of boots
Stlth  ++........               (no amulet)
                                (no ring)
                                (no ring)

@: no status effects
A: no food or potions, fire vulnerability, cold resistance 1, negative energy
resistance 3, torment resistance, unbreathing
a: no special abilities


You were on level 3 of the Dungeon.
You were not hungry.

You visited 1 branch of the dungeon, and saw 3 of its levels.

You collected 97 gold pieces.

Inventory:

Hand Weapons
 b - a +0 short sword (weapon)
Armour
 W - a +0 helmet (worn)
 X - a +0 pair of boots (worn)
 Z - a +0 robe (worn)
Wands
 e - a wand of lightning (8/15)
Scrolls
 a - a scroll of identify {unknown}
 c - a scroll of magic mapping {unknown}
 f - a scroll of remove curse
Books
 d - a book of Necromancy

   Spells                             Type                      Level
   a - Pain                           Necromancy                   1
   b - Animate Skeleton               Necromancy                   1
   c - Vampiric Draining              Necromancy                   3
   d - Regeneration                   Charms/Necromancy            3
   e - Animate Dead                   Necromancy                   4
   f - Control Undead                 Necromancy                   4


   Skills:
 - Level 1.5 Dodging
 - Level 1.5 Stealth
 + Level 3.5 Spellcasting
 + Level 5.0 Necromancy
 + Level 1.2 Evocations


You had one spell level left.
You knew the following spells:

 Your Spells              Type           Power        Failure   Level  Hunger
a - Pain                  Necr           ###.         2%          1    N/A
b - Animate Dead          Necr           N/A          28%         4    N/A
c - Control Undead        Necr           ###.......   28%         4    N/A

Dungeon Overview and Level Annotations

Branches:
Dungeon (3/15)

Altars:
Xom


Innate Abilities, Weirdness & Mutations

You do not eat or drink.
Your flesh is vulnerable to fire.
You are immune to poison.
Your flesh is cold resistant. (rC+)
You are immune to negative energy. (rN+++)
You are immune to unholy pain and torment.
You can survive without breathing.


Message History

Your orc wizard zombie hits the orc wizard with a dagger.
Your hobgoblin zombie closely misses the orc wizard.
The orc wizard hits your hobgoblin zombie but does no damage.
The orc wizard hits your hobgoblin zombie with a dagger.
Your orc wizard zombie hits the orc wizard with a dagger.
The orc wizard closely misses your hobgoblin zombie.
Your hobgoblin zombie closely misses the orc wizard.
The orc wizard barely misses your hobgoblin zombie.
Your orc wizard zombie closely misses the orc wizard.
The orc wizard hits your hobgoblin zombie with a dagger.
Your hobgoblin zombie is destroyed!
Casting: Pain
Confirm with . or Enter, or press ? or * to list all spells.
Aiming: Pain
Press: ? - help, Shift-Dir - straight line, f/p - orc wizard
Aim: an orc wizard, wielding a dagger and wearing a robe (heavily wounded, fast, chance to defeat MR: 76%)
The orc wizard writhes in agony!
The orc wizard points at you and mumbles some strange words.
The magic dart hits you!
You die...

#### ...#
##.########################
..........................#
.#.#####.#######@.#######.#
...# #..)..# #..# #.# ...#
#####.# #..# #.# .#.# .#
#.o# #.# ##### .#.# .# #..#
#.# #.... .#.# .# #Z.# #.#
#.### .#.## .# #..# #.###.#
....## .# #..# #.....#
<.#..# .# #..# ####..###


You could see an orc wizard and a friendly orc wizard zombie.

Vanquished Creatures
  An orc wizard (D:3)
  4 adders
  3 worms
  A dart slug (D:1)
  5 orcs (D:3)
  4 bats
  2 giant cockroaches
  5 hobgoblins
  5 jackals (D:3)
  2 frilled lizards (D:3)
  10 goblins
  3 kobolds (D:2)
  8 rats
53 creatures vanquished.

Vanquished Creatures (collateral kills)
  A leopard gecko (D:3)
  2 orcs (D:3)
3 creatures vanquished.

Grand Total: 56 creatures vanquished

Notes
Turn   | Place    | Note
-------+----------+-------------------------------------------
     0 | D:1      | empire the Mummy Necromancer began the quest for the Orb.
     0 | D:1      | Reached XP level 1. HP: 13/13 MP: 3/3
   436 | D:1      | Reached XP level 2. HP: 8/19 MP: 5/5
  1164 | D:2      | Reached XP level 3. HP: 13/24 MP: 0/7
  1456 | D:2      | Found a shimmering altar of Xom.
  2667 | D:3      | Reached XP level 4. HP: 16/30 MP: 0/8
  3009 | D:3      | Learned a level 4 spell: Animate Dead
  3014 | D:3      | Learned a level 4 spell: Control Undead
  3145 | D:3      | Reached skill level 1 in Evocations
  3459 | D:3      | Reached skill level 5 in Necromancy
  3495 | D:3      | Killed from afar by an orc wizard

Skill      XL: |  1  2  3  4 |
---------------+-------------+-----
Spellcasting   | 3 |  3.5
Evocations     | 1 |  1.2
Necromancy     | 5 |  5.0
Dodging        | |  1.5
Stealth        | |  1.5

Action                   |  1- 3 |  4- 6 || total
-------------------------+-------+-------++-------
Melee: Club              |    13 |       ||    13
       Dagger            |    14 |       ||    14
       Short sword       |    30 |    32 ||    62
 Cast: Pain              |    59 |    26 ||    85
       Animate Dead      |       |     6 ||     6
  Use: Scroll            |     3 |       ||     3
 Stab: Sleeping          |     1 |       ||     1
Armor: Robe              |    19 |    13 ||    32
Dodge: Dodged            |    47 |    47 ||    94
